 Dungeon Crawl Stone Soup version 0.25-a0-35-g747a2b3c0c (webtiles) character file.

Game seed: 3674287586659329298, levelgen mode: deterministic

19553 Esekla the Thaumaturge (level 12, -2/61 HPs)
             Began as a Deep Elf Wizard on Oct 19, 2019.
             Was an Elder of Vehumet.
             Slain by a tarantella (7 damage)
             ... on level 1 of the Spider Nest on Oct 20, 2019.
             The game lasted 03:39:00 (15875 turns).

Esekla the Thaumaturge (Deep Elf Wizard)           Turns: 15875, Time: 03:39:01

Health: -2/61      AC:  9    Str:  5    XL:     12   Next: 37%
Magic:  33/39      EV: 13    Int: 29    God:    Vehumet [****..]
Gold:   346        SH:  0    Dex: 13    Spells: 3/36 levels left

rFire    + . .     SeeInvis .   Q - +7 quick blade
rCold    . . .     Gourm    .   (no shield)
rNeg     . . .     Faith    +   t - +0 leather armour of Words of Power {Regen+ Slay+2} (curse)
rPois    +         Spirit   .   h - +0 helmet (curse)
rElec    .         Reflect  .   s - +1 cloak
rCorr    .         Harm     .   z - +1 pair of gloves
MR       +....                  (no boots)
Stlth    +.........             M - amulet of Juisukk {Faith rF+ Str-3 Int+4}
HPRegen  0.60/turn              J - ring of poison resistance
MPRegen  0.26/turn              x - ring of magical power

@: confused
A: no striking features
a: Renounce Religion


You were on level 1 of the Spider Nest.
You worshipped Vehumet.
Vehumet was greatly pleased with you.
You were hungry.

You visited 3 branches of the dungeon, and saw 14 of its levels.

You collected 1223 gold pieces.
You spent 877 gold pieces at shops.

Inventory:

Hand Weapons
 n - a +0 falchion
 o - a +2 great sword of draining
 K - the +7 hand axe of Instant Death {drain, +Fly rC+ rN+}
   (You found it on level 9 of the Dungeon)

   A truly terrible weapon, it drains the life of those it strikes.
   It protects you from cold.
   It protects you from negative energy.
   It lets you fly.
 N - a +4 long sword
 Q - a +7 quick blade (weapon)
 U - a +3 trident
Missiles
 L - 7 silver javelins
 P - 20 poisoned darts (quivered)
Armour
 h - a cursed +0 helmet (worn)
 k - a +1 robe of cold resistance
 s - a +1 cloak (worn)
 t - the cursed +0 leather armour of Words of Power (worn) {Regen+ Slay+2}
   (You found it on level 3 of the Lair of Beasts)

   It affects your accuracy and damage with ranged weapons and melee attacks
   (+2).
   It increases your rate of regeneration.
   It has a curse placed upon it.
 y - a +0 buckler
 z - a +1 pair of gloves (worn)
 H - the +3 leather armour of the Trees {rPois}
   (You bought it in a shop on level 6 of the Dungeon)

   It protects you from poison.
 R - a +2 leather armour of fire resistance
Jewellery
 b - an uncursed ring of wizardry
 m - an uncursed ring of fire
 w - an uncursed amulet of regeneration
 x - a ring of magical power (right hand)
 A - a +2 amulet of reflection
 E - an uncursed ring of flight
 J - a ring of poison resistance (left hand)
 M - the amulet of Juisukk (around neck) {Faith rF+ Str-3 Int+4}
   (You found it on level 9 of the Dungeon)

   [amulet of faith]

   It allows you to gain divine favour quickly.
   It affects your strength (-3).
   It affects your intelligence (+4).
   It protects you from fire.
Wands
 a - a wand of acid (29)
 g - a wand of disintegration (16)
 B - a wand of clouds (5)
 I - a wand of flame (38)
Scrolls
 c - 5 scrolls of blinking
 e - 3 scrolls of identify
 f - 3 scrolls of immolation
 i - 10 scrolls of teleportation
 j - 8 scrolls of remove curse
 l - 7 scrolls of enchant armour
 u - 3 scrolls of magic mapping
 F - a scroll of fear
Potions
 p - 3 potions of flight
 q - 5 potions of heal wounds
 r - 4 potions of haste
 v - a potion of curing
 C - 2 potions of cancellation
 D - 2 potions of invisibility
 G - 2 potions of agility
 O - a potion of brilliance
 S - a potion of magic
Miscellaneous
 V - a lamp of fire
Comestibles
 d - 16 rations


   Skills:
 + Level 1.5 Fighting
 * Level 7.6 Short Blades
 + Level 4.5 Armour
 + Level 5.1 Dodging
 - Level 5.0 Stealth
 * Level 12.9 Spellcasting
 * Level 11.0 Conjurations
 * Level 2.7 Hexes
   Level 1.1 Summonings
 * Level 6.2 Translocations
 + Level 2.6 Fire Magic
 + Level 6.1 Air Magic
 + Level 6.0 Poison Magic


You had 3 spell levels left.
You knew the following spells:

 Your Spells              Type           Power        Failure   Level  Hunger
a - Apportation           Tloc           ######       1%          1    None
b - Blink                 Tloc           N/A          1%          2    None
c - Mephitic Cloud        Conj/Pois/Air  ######..     1%          3    None
d - Dazzling Spray        Conj/Hex       ######       1%          3    None
e - Iskenderun's Mystic   Conj           ######..     1%          4    None
f - Conjure Flame         Conj/Fire      ######..     1%          3    None
g - Magic Dart            Conj           ####         1%          1    None
i - Corona                Hex            ####...      1%          1    None
k - Tukima's Dance        Hex            ####....     4%          3    None
p - Poison Arrow          Conj/Pois      ######....   5%          6    ####...
s - Dispersal             Tloc           ######....   45%         6    ####...

Your spell library contained the following spells:

 Spells                   Type           Power        Failure   Level  Hunger
 Confusing Touch          Hex            ####..       1%          1    None
 Gell's Gravitas          Tloc           ######....   1%          3    None
 Inner Flame              Hex/Fire       ####....     1%          3    None
 Portal Projectile        Hex/Tloc       #####.       1%          3    None
 Slow                     Hex            ####....     2%          2    None
 Ensorcelled Hibernation  Hex/Ice        ####..       3%          2    None
 Call Imp                 Summ           ####....     4%          2    None
 Confuse                  Hex            ####....     4%          3    None
 Force Lance              Conj/Tloc      ######..     1%          4    None
 Cause Fear               Hex            ####......   14%         4    None
 Yara's Violent Unravell  Hex/Tmut       ####......   17%         5    ##.....
 Leda's Liquefaction      Hex/Erth       ####......   24%         4    None
 Petrify                  Tmut/Erth      ###.....     41%         4    None
 Metabolic Englaciation   Hex/Ice        ####......   56%         5    ##.....


Dungeon Overview and Level Annotations

Branches:
Dungeon (10/15)            Temple (0/1) D:5            Lair (3/6) D:10
 Shoals (0/4) Lair:2       Spider (1/4) Lair:3          Orc (0/2) D:10

Altars:
Dithmenos
Elyvilon
Fedhas
Gozag
Kikubaaqudgha
Makhleb
Okawaru
Qazlal
Sif Muna
Vehumet
Xom

Shops:
D:4 *   D:5 *   D:6 [   D:7 %   D:9 *

Annotations:
D:6 3 runed translucent doors, confidenceinterval's ghost, novice GnWn
Lair:3 exclusion: 2 oklob plants


Message History

* * * LOW HITPOINT WARNING * * *
You are more confused.
The tarantella bites you but does no damage.
The tarantella closely misses you.
You're too confused to move!
The tarantella barely misses you. The tarantella bites you.
* * * LOW HITPOINT WARNING * * *
You miss the tarantella.
The tarantella is almost dead.
The tarantella bites you but does no damage.
The tarantella bites you but does no damage.
The tarantella bites you but does no damage.
The tarantella barely misses you.
The tarantella bites you but does no damage.
You completely miss the tarantella.
The tarantella is almost dead.
You bump into the rock wall.
The tarantella bites you!
* * * LOW HITPOINT WARNING * * *
The tarantella bites you!
You die...

..........
...........
#...........
#........... ####
...........
##...##..........
.##.....#..........
........@..........
........s..........
.............#....
.............# ..
.............#
........<...##
..........###
#........##
.......###


You could see a tarantella.

Vanquished Creatures
  Erolcha (D:10)
  Fannar (D:10)
  Harold (D:7)
  A hydra (Lair:3)
  2 two-headed ogres (D:9)
  An ugly thing (D:8)
  3 cyclopes (D:9)
  Maurice (D:9)
  A merfolk siren (Lair:2)
  Psyche (D:9)
  2 rime drakes
  6 spiny frogs
  4 komodo dragons
  4 blink frogs (Lair:3)
  3 merfolk (Lair:2)
  A hippogriff (D:9)
  4 yaks (D:10)
  2 wyverns
  6 basilisks
  5 hungry ghosts
  A vampire mosquito (D:9)
  Grum (D:8)
  An acid dragon (D:9)
  5 water moccasins
  A soldier ant (D:9)
  7 porcupines
  A black bear (D:6)
  A phantom (D:10)
  2 necrophages
  An orc warrior (D:9)
  2 wolves (D:8)
  5 ogres
  4 centaurs
  6 crocodiles
  A big kobold (D:9)
  13 bullfrogs
  A wyvern zombie (D:9)
  A wyvern skeleton (D:7)
  A water moccasin zombie (D:10)
  2 water moccasin skeletons
  4 killer bees (D:9)
  4 scorpions
  A troll zombie (D:10)
  5 wights (D:8)
  An electric eel (Lair:3)
  5 crimson imps
  A centaur skeleton (D:5)
  A hound (D:5)
  7 jellies
  2 orc priests
  Jessica (D:2)
  7 iguanas
  8 worker ants
  6 orc wizards
  5 ogre zombies (D:10)
  2 hound skeletons
  A howler monkey zombie (D:6)
  2 worker ant zombies
  A howler monkey skeleton (D:9)
  9 adders
  2 shadow imps
  4 oozes (D:1)
  3 adder zombies
  4 worms
  An adder skeleton (D:5)
  2 dart slugs
  6 leopard geckos
  36 orcs
  A ball python (D:6)
  6 giant cockroaches
  7 goblins
  5 hobgoblins
  13 jackals
  3 quokkas
  5 bats
  7 frilled lizards
  A goblin zombie (D:10)
  2 hobgoblin skeletons (D:10)
  3 hobgoblin zombies (D:10)
  A jackal zombie (D:8)
  8 kobolds
  13 orc zombies (D:10)
  7 rats
320 creatures vanquished.

Vanquished Creatures (collateral kills)
  A killer bee (D:9)
1 creature vanquished.

Vanquished Creatures (others)
  A plant (D:10)
1 creature vanquished.

Grand Total: 322 creatures vanquished

Notes
Turn   | Place    | Note
-------+----------+-------------------------------------------
     0 | D:1      | Esekla the Deep Elf Wizard began the quest for the Orb.
     0 | D:1      | Reached XP level 1. HP: 10/10 MP: 7/7
    18 | D:1      | You fall into a shaft and drop 1 floor!
   132 | D:2      | Noticed Jessica
   346 | D:2      | Reached XP level 2. HP: 15/15 MP: 6/9
   350 | D:2      | Learned a level 2 spell: Blink
   377 | D:2      | Reached skill level 5 in Spellcasting
   886 | D:2      | Reached XP level 3. HP: 17/19 MP: 0/11
   891 | D:2      | Learned a level 3 spell: Mephitic Cloud
   895 | D:2      | Learned a level 3 spell: Conjure Flame
  1293 | D:1      | You fall into a shaft and drop 1 floor!
  1721 | D:1      | Reached skill level 1 in Air Magic
  1946 | D:1      | Reached XP level 4. HP: 24/24 MP: 10/13
  2064 | D:2      | Killed Jessica
  2349 | D:3      | Reached skill level 1 in Short Blades
  2349 | D:3      | Reached skill level 1 in Poison Magic
  2367 | D:3      | Reached XP level 5. HP: 7/28 MP: 2/14
  3558 | D:4      | Found a stormy altar of Qazlal.
  3573 | D:4      | Reached XP level 6. HP: 32/32 MP: 10/16
  3654 | D:4      | Found Kom Osm's Assorted Antiques.
  3707 | D:4      | Reached skill level 6 in Spellcasting
  3765 | D:4      | Bought a blackened garnet amulet for 105 gold pieces
  3765 | D:4      | Bought a glowing sapphire ring for 105 gold pieces
  4077 | D:4      | Found a radiant altar of Vehumet.
  4090 | D:4      | Became a worshipper of Vehumet
  4124 | D:4      | Reached XP level 7. HP: 36/36 MP: 18/18
  4345 | D:5      | Entered Level 5 of the Dungeon
  4389 | D:5      | Found an ancient bone altar of Kikubaaqudgha.
  4428 | D:5      | Found Gozag's Platinum Reserve.
  4507 | D:5      | Found a blossoming altar of Fedhas.
  4583 | D:5      | Found a burning altar of Makhleb.
  4850 | D:5      | Found an opulent altar of Gozag.
  4976 | D:5      | Found a shadowy altar of Dithmenos.
  5098 | D:5      | Found a shimmering blue altar of Sif Muna.
  5114 | D:5      | Identified Sif Muna's Compendium of Malediction
  5161 | D:5      | Reached skill level 7 in Spellcasting
  5279 | D:5      | Found a staircase to the Ecumenical Temple.
  5388 | D:5      | Found a shimmering altar of Xom.
  5459 | D:4      | Bought a pink potion for 18 gold pieces
  5459 | D:4      | Bought an orange potion for 18 gold pieces
  5459 | D:4      | Bought a scroll labeled NINWAL IHENYNA for 21 gold pieces
  5459 | D:4      | Bought a yellow potion for 18 gold pieces
  5459 | D:4      | Bought a viscous ruby potion for 18 gold pieces
  5459 | D:4      | Bought a scroll labeled HEPLIU DAIL for 21 gold pieces
  5459 | D:4      | Bought a scroll labeled NINWAL IHENYNA for 21 gold pieces
  5536 | D:6      | Found a runed translucent gate.
  5536 | D:6      | Found a runed translucent gate.
  5539 | D:6      | Reached XP level 8. HP: 41/41 MP: 20/20
  5540 | D:6      | Found a runed translucent gate.
  5569 | D:6      | Reached skill level 5 in Conjurations
  5714 | D:6      | Reached * piety under Vehumet
  5714 | D:6      | Offered knowledge of Freeze by Vehumet.
  5722 | D:6      | Reached skill level 5 in Stealth
  5742 | D:6      | Noticed confidenceinterval's ghost (novice GnWn)
  5989 | D:6      | Found Zoup Buu's Antique Armour Emporium.
  6152 | D:7      | HP: 2/41 [wyvern skeleton (16)]
  6244 | D:7      | Found an iron altar of Okawaru.
  6653 | D:7      | Found Tistret's Food Boutique.
  6733 | D:7      | Reached skill level 8 in Spellcasting
  6739 | D:7      | Noticed Harold
  6899 | D:6      | Bought a faintly humming leather armour for 203 gold pieces
  6904 | D:6      | Identified the +3 leather armour of the Trees {rPois} (You
                  | bought it in a shop on level 6 of the Dungeon)
  7332 | D:9      | Reached XP level 9. HP: 29/45 MP: 23/23
  7371 | D:9      | Got a slimy trident
  7427 | D:9      | Found a flagged portal.
  7428 | D:9      | Noticed Maurice
  7458 | D:9      | Killed Maurice
  7458 | D:9      | Reached skill level 1 in Armour
  7465 | D:9      | Got a slimy hand axe
  7474 | D:9      | Noticed a two-headed ogre
  7475 | D:9      | Found Ranuh's Assorted Antiques.
  7535 | D:9      | Reached skill level 9 in Spellcasting
  7619 | D:9      | Offered knowledge of Throw Flame by Vehumet.
  7625 | D:9      | Killed a two-headed ogre
  7646 | D:9      | Bought a scroll labeled REWNEO QOCROU for 28 gold pieces
  7704 | D:9      | Identified the +7 hand axe of Instant Death {drain, +Fly
                  | rC+ rN+} (You found it on level 9 of the Dungeon)
  7708 | D:9      | Identified the +0 trident "Keowon" {antimagic, *Corrode rF+
                  | rN+ Stlth+} (You found it on level 9 of the Dungeon)
  7954 | D:8      | Reached ** piety under Vehumet
  8507 | D:8      | Reached skill level 5 in Air Magic
  8541 | D:8      | Noticed Grum
  8621 | D:8      | Killed Grum
  8621 | D:8      | Reached XP level 10. HP: 50/50 MP: 25/25
  8764 | D:8      | Found a white marble altar of Elyvilon.
  8877 | D:8      | Reached skill level 1 in Fire Magic
  9017 | D:9      | Noticed Psyche
  9019 | D:9      | Got a smoking garnet amulet
  9233 | D:9      | Identified the amulet of Juisukk {Faith rF+ Str-3 Int+4}
                  | (You found it on level 9 of the Dungeon)
  9327 | D:9      | Killed Psyche
  9327 | D:9      | Reached skill level 5 in Short Blades
  9414 | D:9      | Offered knowledge of Throw Frost by Vehumet.
  9503 | D:9      | Reached skill level 5 in Poison Magic
  9529 | D:9      | Reached skill level 10 in Spellcasting
  9551 | D:9      | Noticed a cyclops
  9580 | D:9      | Killed a cyclops
  9635 | D:9      | Noticed a two-headed ogre
  9649 | D:9      | Noticed a gargoyle
  9783 | D:9      | Noticed a cyclops
  9805 | D:9      | Killed a cyclops
  9963 | D:9      | Reached *** piety under Vehumet
  9966 | D:9      | Bought a scroll labeled ZAUJIA WAOGET for 28 gold pieces
  9966 | D:9      | Bought a scroll labeled MENAMIUCHID for 28 gold pieces
  9966 | D:9      | Bought a scroll labeled MENAMIUCHID for 28 gold pieces
 10037 | D:9      | Noticed a cyclops
 10060 | D:9      | Killed a cyclops
 10132 | D:9      | Noticed a green ugly thing
 10320 | D:6      | Bought a glowing cloak for 217 gold pieces
 10434 | D:7      | Killed Harold
 10742 | D:8      | Killed a green ugly thing
 10958 | D:9      | Identified the Handbook of Dislocation
 10966 | D:9      | Learned a level 1 spell: Apportation
 10975 | D:9      | Learned a level 6 spell: Dispersal
 11092 | D:9      | Offered knowledge of Iskenderun's Mystic Blast by Vehumet.
 11108 | D:9      | Killed a two-headed ogre
 11108 | D:9      | Reached XP level 11. HP: 24/53 MP: 27/27
 11114 | D:9      | Learned a level 4 spell: Iskenderun's Mystic Blast
 11234 | D:9      | Reached skill level 11 in Spellcasting
 11274 | D:10     | Entered Level 10 of the Dungeon
 11344 | D:10     | Noticed Erolcha
 11369 | D:10     | Killed Erolcha
 11394 | D:10     | Reached **** piety under Vehumet
 11395 | D:10     | Reached skill level 5 in Translocations
 11408 | D:10     | Found a staircase to the Lair.
 11677 | D:10     | Noticed Fannar
 11706 | D:10     | Killed Fannar
 11752 | D:10     | Offered knowledge of Inner Flame by Vehumet.
 11817 | D:10     | Found a staircase to the Orcish Mines.
 11979 | D:10     | Reached skill level 1 in Fighting
 12719 | Lair:1   | Entered Level 1 of the Lair of Beasts
 12745 | Lair:1   | Reached skill level 5 in Dodging
 12832 | Lair:1   | Learned a level 3 spell: Dazzling Spray
 12836 | Lair:1   | Learned a level 3 spell: Tukima's Dance
 12838 | Lair:1   | Learned a level 1 spell: Corona
 13031 | Lair:1   | Reached skill level 1 in Hexes
 13159 | Lair:1   | Reached skill level 10 in Conjurations
 13174 | Lair:1   | Reached ***** piety under Vehumet
 13234 | Lair:1   | Offered knowledge of Poison Arrow by Vehumet.
 13253 | Lair:1   | You fall into a shaft and drop 1 floor!
 13506 | Lair:1   | Got a distressingly furry leather armour
 13851 | Lair:1   | Identified the +1 leather armour "Xaelofuv" {Dex+3} (You
                  | found it on level 1 of the Lair of Beasts)
 14021 | Lair:2   | Found a stormy altar of Qazlal.
 14162 | Lair:2   | Found a staircase to the Shoals.
 14170 | Lair:2   | Reached skill level 12 in Spellcasting
 14181 | Lair:2   | Reached XP level 12. HP: 59/60 MP: 30/30
 14557 | Lair:2   | Learned a level 6 spell: Poison Arrow
 14678 | Lair:3   | Found a hole to the Spider Nest.
 14877 | Lair:3   | Got a polished leather armour
 15050 | Lair:2   | Identified the cursed +0 leather armour of Words of Power
                  | {Regen+ Slay+2} (You found it on level 3 of the Lair of
                  | Beasts)
 15190 | Lair:3   | Noticed a four-headed hydra
 15297 | Lair:3   | Killed a four-headed hydra
 15800 | Spider:1 | Entered Level 1 of the Spider Nest
 15875 | Spider:1 | Slain by a tarantella

Levels and vault maps discovered:
D:1:      psy_arrival_whirlpool, layout_loops_cross
D:2:      layout_loops_ring, uniq_jessica
D:3:      layout_rooms
D:4:      layout_cave_pods, kennysheep_little_box, lemuel_doored_altar,
          first_ration, serial_shops, shop
D:5:      layout_loops_cross, lemuel_coloured_pillars_altar,
          nicolae_overflow_hidden_temple, nicolae_gozag_zags_fifth_avenue,
          lemuel_crystal_altar, led_sif_book,
          grunt_temple_overflow_growth_and_decay, minmay_temple_entry_trees,
          hangedman_abyss_or_decor_lesser_grid
D:6:      layout_rooms, serial_shops, nicolae_shop_crystal,
          gammafunk_ghost_necromancy
D:7:      layout_loops_cross, okawaru_ov_weapons_minmay, serial_shops,
          nicolae_shop_behind_doors, uniq_harold
D:8:      layout_cave_pods, lemuel_crystal_altar, kennysheep_small_circle,
          uniq_grum
D:9:      minmay_the_grid_square_5x5_4x4 [minmay_the_grid_square_5x5_percent,
          minmay_the_grid_square_5x5_sharp_hourglass,
          minmay_the_grid_square_5x5_moneybag,
          minmay_the_grid_square_5x5_checkered_statues,
          minmay_the_grid_square_5x5_fancy_junction,
          minmay_the_grid_square_5x5_prize_rear_guard,
          minmay_the_grid_square_5x5_prize_itemx,
          minmay_the_grid_square_5x5_three_walls,
          minmay_the_grid_square_5x5_minibox,
          minmay_the_grid_square_5x5_prize_pseudospiral,
          minmay_the_grid_square_5x5_prize_deathbox,
          minmay_the_grid_square_5x5_two_small,
          minmay_the_grid_square_5x5_inner_v,
          minmay_the_grid_square_5x5_tri_point,
          minmay_the_grid_square_5x5_n_small, minmay_the_grid_square_5x5_forky],
          layout_long_grid, enter_bailey_2, blue_anna_alchemist
          [blue_anna_fruit_fields, blue_anna_fruit_fields], minivault_11,
          st_stairs_8, minivault_24, kennysheep_windowed_goal, uniq_maurice,
          uniq_psyche
D:10:     layout_basic, minmay_lair_entry_grove, zombieorc1_lemuel, uniq_fannar,
          uniq_erolcha
Lair:1:   layout_regular_city
Lair:2:   layout_roguey, elwin_shoals_entry_stream, basic_altar,
          beast_lair_carwin_4
Lair:3:   beast_lair_carwin_large_2, layout_regular_city,
          spider_nest_entry_funnel_web, minmay_lair_oklob_chamber,
          infiniplex_staircase_pool
Spider:1: layout_chambers

Skill      XL: |  1  2  3  4  5  6  7  8  9 10 11 12 |
---------------+-------------------------------------+-----
Spellcasting   | 5 6 7 8 9 10 12 | 12.9
Translocations | 2 3 4 5 6 |  6.2
Air Magic      | 1 2 3 5 6 |  6.1
Conjurations   | 2 3 4 6 7 9 10 11 | 11.0
Stealth        | 3 4 5 |  5.0
Short Blades   | 1 2 3 4 6 7 |  7.6
Poison Magic   | 1 2 3 4 5 6 |  6.0
Dodging        | 3 4 5 |  5.1
Armour         | 2 3 4 |  4.5
Fire Magic     | 1 2 |  2.6
Fighting       | 1 |  1.5
Hexes          | 2 |  2.7
Summonings     | |  1.1

Action                   |  1- 3 |  4- 6 |  7- 9 | 10-12 || total
-------------------------+-------+-------+-------+-------++-------
Melee: Short sword       |    39 |       |       |       ||    39
       Dagger            |    10 |   114 |   189 |   159 ||   472
       Trident           |       |       |    14 |    93 ||   107
       Quick blade       |       |       |       |   349 ||   349
Throw: Javelin           |       |       |       |     6 ||     6
 Cast: Magic Dart        |    93 |   103 |   277 |   233 ||   706
       Mephitic Cloud    |     2 |    13 |    22 |    30 ||    67
       Blink             |       |     5 |     8 |    23 ||    36
       Conjure Flame     |       |     1 |    17 |    48 ||    66
       Iskenderun's Myst |       |       |       |    35 ||    35
       Apportation       |       |       |       |     1 ||     1
       Dazzling Spray    |       |       |       |    18 ||    18
       Poison Arrow      |       |       |       |     2 ||     2
  Use: Scroll            |       |       |    12 |    15 ||    27
       Potion            |       |       |       |     5 ||     5
 Stab: Sleeping          |    10 |     5 |     9 |    12 ||    36
       Confused          |     2 |     6 |    16 |    28 ||    52
       Invisible         |       |       |       |     1 ||     1
  Eat: Chunk             |     3 |     7 |     6 |    15 ||    31
       Ration            |       |       |     3 |     2 ||     5
Armor: Robe              |     7 |     8 |    11 |       ||    26
       Leather armour    |       |       |    13 |    73 ||    86
Dodge: Dodged            |    45 |    56 |   106 |   167 ||   374

Table legend:
 A = Non-vault XP
 B = Vault XP
 C = Vault XP percentage of total XP
 D = Non-vault monster count
 E = Vault monster count
 F = Vault count percentage of total count
                 A         B        C        D         E       F
            +---------+---------+-------+---------+---------+-------
      Total |   12107 |   15826 |  56.7 |     220 |     101 |  31.5
            +---------+---------+-------+---------+---------+-------
        D:1 |      59 |       0 |   0.0 |      24 |       0 |   0.0
        D:2 |      48 |      37 |  43.5 |      18 |       1 |   5.3
        D:3 |     211 |       0 |   0.0 |      34 |       0 |   0.0
        D:4 |     435 |       0 |   0.0 |      15 |       0 |   0.0
        D:5 |     544 |      85 |  13.5 |      19 |       2 |   9.5
        D:6 |     786 |       0 |   0.0 |      19 |       0 |   0.0
        D:7 |     445 |     981 |  68.8 |      14 |       1 |   6.7
        D:8 |     895 |    1069 |  54.4 |      20 |       7 |  25.9
        D:9 |     781 |    5702 |  88.0 |      16 |      32 |  66.7
       D:10 |     815 |    3927 |  82.8 |       9 |      43 |  82.7
     Lair:1 |    2823 |       0 |   0.0 |      12 |       0 |   0.0
     Lair:2 |    1142 |    1924 |  62.8 |       7 |       8 |  53.3
     Lair:3 |    3123 |    2101 |  40.2 |      13 |       7 |  35.0
            +---------+---------+-------+---------+---------+-------
